Map: [ESL] Alcyone

Players

Has - Winner!

  • Race: Protoss Protoss
  • Spawn Location: 7:00

Oriana

  • Race: Terran Terran
  • Spawn Location: 1:00

Event: ESL SC2 Masters 2023 Winter (Regional)

VOD

Have the link to the VOD?

Description

Time

  • Played on: Nov. 4, 2023, 8:42 a.m.
  • Length: 8:22

All games in this series

Show
View Real Time Build Order
Export as new Build Order

Has Protoss - Winner!

Build Orders:  

Get SALT Encoding   

  12  0:01  Probe  
  13  0:13  Probe  
  14  0:20  Pylon  
  14  0:25  Probe  
  15  0:32  Pylon  
  15  0:38  Probe  
  16  0:50  Gateway  
  16  0:51  Probe  
  16  0:56  Assimilator  
  17  1:03  Probe  
  18  1:10  Assimilator  
  18  1:15  Probe  
  19  1:27  Probe  
  20  1:38  Cybernetics Core  
  20  1:39  Zealot, Probe  
  23  1:45  Assimilator  
  23  1:51  Probe  
  23  2:03  Probe  
  24  2:12  Stalker (Chrono Boost)  
  26  2:16  Warp Gate, Probe  
  26  2:22  Stargate  
  28  2:34  Stalker, Pylon  
  29  2:55  Pylon  
  33  3:08  Void Ray (Chrono Boost)  
  33  3:10  Gateway  
  33  3:14  Gateway  
  33  3:37  Pylon  
  33  3:38  Void Ray (Chrono Boost)  
  38  4:08  Adept x2  
  41  4:13  Adept  
  47  4:17  Void Ray (Chrono Boost)  
  47  4:33  Adept x3  
  53  4:56  Void Ray  
  53  5:10  Pylon  
  53  5:15  Adept x2  
  55  5:30  Sentry, Pylon  
  57  5:43  Adept x2  
  39  6:18  Void Ray (Chrono Boost)  
  35  6:26  Adept x3  
  35  6:28  Probe  
  42  6:46  Adept x2  
  50  6:48  Void Ray (Chrono Boost)  
  48  7:00  Adept  
  38  7:21  Adept x3  
  42  7:37  Void Ray (Chrono Boost)  
  38  7:45  Adept x2  
  40  7:58  Adept  
  42  8:17  Zealot  
Show
View Real Time Build Order
Export as new Build Order

Oriana Terran 

Build Orders: Cyclone Opening 

Get SALT Encoding   

  12  0:00  SCV  
  13  0:12  SCV  
  14  0:17  Supply Depot  
  14  0:24  SCV  
  14  0:28  Refinery  
  15  0:38  SCV  
  16  0:45  Barracks  
  16  0:50  SCV  
  17  1:02  SCV  
  18  1:06  Engineering Bay  
  18  1:14  SCV  
  19  1:32  Marine  
  20  1:33  Orbital Command  
  20  1:37  Factory  
  20  1:44  Supply Depot  
  20  1:51  Barracks Reactor  
  20  1:58  SCV  
  21  2:10  SCV, Supply Depot  
  22  2:16  Bunker  
  22  2:22  SCV  
  22  2:27  Cyclone, Marine x2  
  27  2:35  SCV  
  27  2:48  Marine x2  
  29  2:53  SCV  
  29  2:55  Barracks  
  30  2:59  Cyclone  
  30  3:01  Bunker  
  32  3:06  Marine x2  
  32  3:09  SCV  
  35  3:15  Supply Depot  
  35  3:19  Refinery  
  35  3:28  SCV  
  35  3:29  Marine x2  
  38  3:36  Cyclone  
  38  3:37  Supply Depot  
  40  3:42  Barracks Tech Lab  
  40  3:47  Marine x2  
  40  3:58  Supply Depot  
  40  4:04  Stimpack, Marine  
  40  4:08  Cyclone  
  44  4:20  Marine x2  
  44  4:22  Supply Depot  
  45  4:25  Marine  
  46  4:43  Command Center  
  46  4:46  SCV  
  46  4:50  Marine  
  48  5:03  Factory Tech Lab  
  48  5:05  SCV  
  49  5:10  Marine  
  49  5:11  Marine  
  51  5:17  SCV  
  51  5:18  Marine  
  52  5:27  Siege Tank  
  52  5:29  Marine x2  
  52  5:32  Barracks  
  54  5:38  Marine  
  53  5:44  SCV  
  53  5:46  Combat Shield  
  53  5:47  Marine  
  55  5:54  Marine  
  55  5:55  Orbital Command  
  45  6:05  Marine  
  45  6:06  Marine  
  42  6:12  SCV  
  42  6:14  Marine  
  42  6:22  SCV  
  42  6:24  SCV  
  43  6:31  Starport  
  43  6:33  Orbital Command  
  43  6:36  Marine x2  
  45  6:41  Marine x2  
  45  6:43  Factory Reactor  
  47  6:48  SCV  
  47  6:49  Engineering Bay  
  39  6:56  Marine x2  
  39  7:00  Marine x2  
  33  7:11  SCV x2  
  33  7:14  Marine x2  
  30  7:24  Marine x2  
  32  7:30  SCV x2  
  32  7:40  Marine x2  
  32  7:42  Marine  
  29  7:45  Viking  
  29  7:46  Marine  
  21  7:58  Marine  
  21  8:00  Marine  
  21  8:04  Marine  
Tags
 
Add a new tag
Caveats
  • Supply blocks, unpowered buildings, or Contaminate may cause inaccurate times.
  • Supply counts are checked every 10 seconds.